 BcadrenCrawl: Boulder Brew version 0.04.2-15-ge27eb88979 (webtiles) character file.

Game seed: 5561183933483449144, levelgen mode: deterministic

237 diana the Slinger (level 6, 0/38 HPs) Kobold Hunter. Began on May 11, 2021. Slain by a sewer rat (3 damage) ... on level 1 of the Dungeon. The game lasted 00:03:48 (1349 turns).

diana the Slinger (Kobold Hunter)                   Turns: 1349, Time: 00:03:48

Health: 0/38       AC:  3    Str:  9    XL:     6 ^: 180
Magic:  6/6        EV: 15    Int: 12    God:
Gold:   70         SH:  0    Dex: 18    Spells: 5/5 levels left

rFire    . . .     Vision   .   a - +1 hunting sling
rCold    . . .     Gourm    .   b - +0 short sword
rNeg     . . .     Faith    .   c - +0 leather armour
rPois    .         Spirit   .   (no helmet)
rElec    .         Reflect  .   (no cloak)
rCorr    .         Harm     .   (no gloves)
MR       .....                  (no boots)
Stlth    +++.......             (no amulet)
HPRegen  0.22/turn              f - ring of stealth
MPRegen  0.16/turn              (no ring)

@: no status effects
A: small, carnivore
a: no special abilities


You were on level 1 of the Dungeon.
You were near starving.

You visited 1 branch of the dungeon, and saw 2 of its levels.

You collected 70 gold pieces.

Inventory:

Weapons
 a - a +1 hunting sling (weapon)
 b - a +0 short sword (weapon)
Armour
 c - a +0 leather armour (worn)
Jewellery
 f - a ring of stealth (left hand)
Scrolls
 g - 2 scrolls of teleportation
 i - a scroll of fear
Potions
 e - a potion of might
 h - a potion of berserk rage
 j - 3 potions of brilliance
 k - a potion of heal wounds
Comestibles
 d - 2 rations


   Skills:
 + Level 3.8 Fighting
 + Level 3.1 Short Blades
 * Level 8.3 Slings
 - Level 2.4 Dodging
 - Level 1.3 Stealth


You had 5 spell levels left.
You didn't know any spells.
Your spell library was empty.

Dungeon Overview and Level Annotations

Branches:
Dungeon (2/8)

Altars:


Innate Abilities, Weirdness & Mutations

You are small and have problems with some larger weapons.
You are carnivorous and can eat meat at any time.


Message History

You hit the sewer rat (6).
You kill the sewer rat!
The sewer rat barely misses you (0).
Okay, then.
The sewer rat closely misses you (0).
You see here a sewer rat corpse.
There is an open door here.
You are near starving!
You hit the sewer rat (1).
The sewer rat is lightly wounded. (11/12) HP The sewer rat bites you (5).
* * * LOW HITPOINT WARNING * * *
You hit the sewer rat but do no damage.
The sewer rat is lightly wounded. (11/12) HP The sewer rat bites you (3).
* * * LOW HITPOINT WARNING * * *
You hit the sewer rat (1).
The sewer rat is lightly wounded. (10/12) HP The sewer rat bites you (3).
You die...

#######################
......##..............#
......##..............#
......##..............#
......#....###+#'######
......+......#.#.#
.............#.#r######
.....)....#..#.#@#....#
........≈≈#..#.#.#.##.##
.........>..........#..#
........≈≈...##.##..#..#
................]....#.#
...#######...###.#.....#
...# #...#...#...###
#### #.....#.#.###
###### #...#.#.#.#


You could see a sewer rat.

Vanquished Creatures
  A bullfrog (D:2)
  A jelly (D:1)
  2 giant cockroaches (D:1)
  An adder (D:2)
  6 sewer rats
  3 cinder newts
  A worm (D:1)
  A dart slug (D:1)
  A leopard gecko (D:1)
  3 bats (D:1)
  4 goblins (D:1)
  4 hobgoblins (D:1)
  4 kobolds (D:1)
  4 rats (D:1)
  2 withered plants (D:2)
38 creatures vanquished.

Vanquished Creatures (others)
  41 withered plants (D:2)
41 creatures vanquished.

Grand Total: 79 creatures vanquished

Notes
Turn   | Place    | Note
-------+----------+-------------------------------------------
     0 | D:1      | diana the Kobold Hunter began the quest for the Orb.
     0 | D:1      | Reached XP level 1. HP: 12/12 MP: 1/1
    55 | D:1      | Reached skill level 6 in Slings
    73 | D:1      | Reached XP level 2. HP: 18/18 MP: 2/2
   125 | D:1      | Reached skill level 1 in Short Blades
   185 | D:1      | Reached XP level 3. HP: 22/22 MP: 3/3
   574 | D:1      | Reached XP level 4. HP: 27/27 MP: 4/4
   694 | D:1      | Reached skill level 7 in Slings
   890 | D:2      | Noticed a bullfrog
   895 | D:2      | Killed a bullfrog
   895 | D:2      | Reached XP level 5. HP: 26/32 MP: 5/5
   944 | D:2      | Reached skill level 8 in Slings
   950 | D:2      | Reached XP level 6. HP: 14/37 MP: 6/6
  1349 | D:1      | Slain by a sewer rat

Levels and vault maps discovered:
D:1:      minmay_arrival_wavy_path, layout_basic
D:2:      layout_sewer, demons_altar

Skill      XL: |  1  2  3  4  5  6 |
---------------+-------------------+-----
Slings         | 6 7 8 |  8.3
Short Blades   | 1 2 3 |  3.1
Fighting       | 3 |  3.8
Dodging        | |  2.4
Stealth        | |  1.3

Action                   |  1- 3 |  4- 6 || total
-------------------------+-------+-------++-------
Melee: Unarmed           |    13 |    13 ||    26
       Short sword       |       |    85 ||    85
 Fire: Hunting sling     |    50 |    23 ||    73
Armor: Leather armour    |     1 |    14 ||    15
Dodge: Dodged            |    11 |   113 ||   124
